 Dungeon Crawl Stone Soup version 0.31-a0-1002-g8e65716e6e (webtiles) character file.

Game seed: 715975873503485119

100 Malachi the Trooper (level 4, -3/44 HPs)
             Began as an Armataur Wanderer on Nov 9, 2023.
             Was a Believer of Zin.
             Succumbed to an orc wizard's poison
             ... on level 4 of the Dungeon.
             The game lasted 00:04:13 (3131 turns).

Malachi the Trooper (Armataur Wanderer)             Turns: 3131, Time: 00:04:14

Health: -3/44      AC:  6    Str: 18 (20) XL:     4   Next: 47%
Magic:  4/4        EV:  8    Int: 10 (14) God:    Zin [**....]
Gold:   132        SH:  0    Dex: 16 (18) Spells: 3/3 levels left

rFire   . . .        a - +3 mace
rCold   . . .        (no shield)
rNeg    . . .        o - +0 scale mail
rPois   .            (no helmet)
rElec   .            (no cloak)
rCorr   .            (no gloves)
SInv    .            (no barding)
Will    +....        i - amulet of reflection Stlth
                     j - ring "Visukuih" {Int+5 Dex+6}
HPRegen 0.27/turn    (no ring)
MPRegen 0.09/turn

%: reflection, roll
@: confused, lethally poisoned (-3 -> -32), enlightened, flying
A: large, rugged brown scales 3, deformed body, armoured tail, roll, long
tongue, awkward tongue
a: Renounce Religion, Recite, Vitalisation, Donate Gold


You were on level 4 of the Dungeon.
You worshipped Zin.
Zin was pleased with you.
You visited 1 branch of the dungeon, and saw 4 of its levels.

You collected 146 gold pieces.
You donated 14 gold pieces to Zin.

Inventory:

Hand Weapons
 a - a +3 mace (weapon)
Missiles
 h - 2 poisoned darts
Armour
 o - a +0 scale mail (worn)
Jewellery
 i - an amulet of reflection (around neck)
 j - the ring "Visukuih" (left hand) {Int+5 Dex+6}
   (You found it on level 2 of the Dungeon)

   [ring of dexterity]

   Int+5:     It affects your intelligence (+5).
   Dex+6:     It affects your dexterity (+6).
Scrolls
 c - a scroll of identify
 d - 2 scrolls of teleportation
 n - a scroll of immolation
Potions
 b - 4 potions of attraction


   Skills:
 - Level 5.2 Fighting
 + Level 4.5 Maces & Flails
 - Level 1.3 Dodging
 + Level 0.3 Invocations


You had 3 spell levels left.
You didn't know any spells.
Your spell library contained the following spells:

 Spells                   Type           Power      Damage    Failure   Level
 Stone Arrow              Conj/Erth      0%         3d7       98%         3
 Animate Armour           Summ/Erth      0%         N/A       100%        4
 Lehudib's Crystal Spear  Conj/Erth      0%         10d2      100%        8


Dungeon Overview and Level Annotations

Branches:
Dungeon (4/15)             Temple (0/1) D:4

Altars:
Zin
The Shining One


Innate Abilities, Weirdness & Mutations

You are completely covered in rugged brown scales. (AC +3, +7% HP)
Armour fits poorly on your strangely shaped body.
You have a long armoured tail.
You roll when moving toward enemies. (Rampage)
Your long tongue fully drains potion bottles. (2x potion effects)
Your tongue gives you trouble enunciating. (1.5x scroll delay)


Message History

You feel very sick.
The orc wizard hits you with a +0 morningstar.
Something hits you but does no damage. x2
You bump into the rock wall.
You feel very sick.
The orc wizard hits you with a +0 morningstar.
Something hits you but does no damage.
You are more poisoned.
Something hits you.
An adder comes into view.
You miss something.
You feel very sick.
The adder hisses angrily.
The orc wizard hits you with a +0 morningstar!
Something hits you.
You are lethally poisoned!
Something hits you but does no damage.
You completely miss something.
You feel very sick.
The orc wizard hits you with a +0 morningstar!
A kobold comes into view.
It is wielding a +0 short sword and carrying a wand of flame.
Something hits you.
You are more poisoned.
Something hits you but does no damage.
You completely miss something.
Your tail-slap misses something.
You feel less invigorated.
You feel extremely sick.
The orc wizard hits you with a +0 morningstar!
* * * LOW HITPOINT WARNING * * *
Something hits you but does no damage.
You are more poisoned.
Something hits you.
* * * LOW HITPOINT WARNING * * *
Something hits you but does no damage. The orc wizard completely misses you.
Something hits you.
* * * LOW HITPOINT WARNING * * *
You sock something!
Reactivating autopickup.
You feel a bit more experienced.
You die...

#..#..# #
##.###.## #
###..# #..###
# ####...##
##...#### #
#######....###
###....######
#......)####
####.......
#.#####....###
#....#####.
####..)##
#...#### ##
###o@# #..# ..
##{# #. #..
#hK. #. ##...#
.).# ...# #.##
.#


You could see a hound, an orc wizard and a kobold.

Vanquished Creatures
  Ijyb (D:3)
  An orc wizard (D:4)
  2 adders
  A worm (D:4)
  4 dart slugs
  An orc (D:4)
  5 endoplasms
  4 giant cockroaches
  4 goblins
  6 hobgoblins
  2 quokkas
  A ball python (D:3)
  5 bats
  2 frilled lizards (D:1)
  7 rats
46 creatures vanquished.

Notes
Turn   | Place    | Note
-------+----------+-------------------------------------------
     0 | D:1      | Malachi the Armataur Wanderer began the quest for the Orb.
     0 | D:1      | Malachi set off with the following items: a +3 mace, 2
                  | potions of attraction, a +0 leather armour.
     0 | D:1      | Reached XP level 1. HP: 23/23 MP: 1/1
   221 | D:1      | Reached XP level 2. HP: 29/29 MP: 2/2
   615 | D:2      | Found a faded altar of an unknown god.
   627 | D:2      | Prayed at the altar of an unknown god.
   627 | D:2      | Became a worshipper of Zin the Law-Giver
   627 | D:2      | Reached * piety under Zin
   673 | D:2      | Identified the ring "Visukuih" {Int+5 Dex+6}
   749 | D:2      | Reached XP level 3. HP: 37/37 MP: 3/3
  1072 | D:3      | Found a glowing golden altar of the Shining One.
  1119 | D:3      | Reached ** piety under Zin
  1294 | D:3      | Noticed Ijyb
  1369 | D:3      | Reached skill level 5 in Fighting
  1969 | D:3      | Killed Ijyb
  1970 | D:3      | Reached XP level 4. HP: 22/44 MP: 4/4
  2878 | D:4      | Identified the of Tuimaacut
  2912 | D:4      | Found a staircase to the Ecumenical Temple.
  3118 | D:4      | HP: 1/44 [something (2)]
  3131 | D:4      | Succumbed to an orc wizard's poison

Illustrated notes

Levels and vault maps discovered:
D:1:      tarquinn_simple_flora_water_f, layout_rooms
D:2:      layout_basic, shapermc_ecumenical_altar_acropolis
D:3:      layout_basic, mainiacjoe_overflow_brackets, uniq_ijyb
D:4:      minmay_general_purpose_star, layout_rooms,
          mainiacjoe_overflow_alcove_4, minmay_temple_entry_crystal_x,
          minmay_misc_feat_roman

Skill      XL: |  1  2  3 |
---------------+----------+-----
Maces & Flails | 4 |  4.5
Fighting       | 5 |  5.2
Dodging        | |  1.3
Invocations    | |  0.3

Action                     |  1- 3 |  4- 6 || total
---------------------------+-------+-------++-------
  Melee: Mace              |    79 |    28 ||   107
         Tailslap          |     7 |     5 ||    12
         Punch             |     2 |       ||     2
         Unarmed           |    35 |       ||    35
    Use: Potion            |       |     7 ||     7
         Scroll            |       |     2 ||     2
   Stab: Sleeping          |     2 |       ||     2
 Armour: Leather armour    |    40 |     1 ||    41
         Skin              |    13 |       ||    13
         Scale mail        |       |    56 ||    56
  Dodge: Dodged            |    44 |    11 ||    55
  Block: Other             |    20 |     3 ||    23

Table legend: (Time is in decaauts)
 A = Elapsed time spent in this place.
 B = Non-inter-level travel time spent in this place.
 C = Inter-level travel time spent in this place.
 D = Time resting spent in this place.
 E = Time spent auto-exploring this place.
 F = Levels seen in this place.
 G = Mean time per level.
                   A        B        C        D        E       F      G
               +--------+--------+--------+--------+--------+-----+--------+
         Total |   3133 |   2972 |    161 |    817 |   1736 |   4 |  783.2 |
       Dungeon |   3133 |   2972 |    161 |    817 |   1736 |   4 |  783.2 |
               +--------+--------+--------+--------+--------+-----+--------+

Top non-repeatable levels by time:
     D:3: 1390 daAuts
     D:2: 1057 daAuts
     D:1: 428 daAuts
     D:4: 256 daAuts
